 Dungeon Crawl Stone Soup version 0.24-a0-230-g536ed4e33c (webtiles) character file.

Game seed: 13438481720616386510

131 CedricTheThird the Shield-Bearer (level 4, 0/38 HPs)
             Began as a Demigod Fighter on Apr 2, 2019.
             Slain by a gnoll
             ... wielding a +0 halberd
              (7 damage)
             ... on level 2 of the Dungeon.
             The game lasted 00:02:54 (1227 turns).

CedricTheThird the Shield-Bearer (Demigod Fighter)  Turns: 1227, Time: 00:02:55

Health: 0/38       AC:  7    Str: 26    XL:     4   Next: 61%
Magic:  6/6        EV:  8    Int: 12    God:
Gold:   98         SH: 10    Dex: 15    Spells: 3/3 levels left

rFire    . . .     SeeInvis .   a - +0 war axe
rCold    . . .     Gourm    .   c - +0 shield
rNeg     . . .     Faith    .   b - +0 scale mail
rPois    .         Spirit   .   i - +0 helmet
rElec    .         Reflect  .   (no cloak)
rCorr    .         Harm     .   (no gloves)
MR       .....                  (no boots)
Stlth    ..........             (no amulet)
HPRegen  0.12/turn              (no ring)
MPRegen  0.10/turn              (no ring)

@: mighty
A: high mp 1
a: no special abilities


You were on level 2 of the Dungeon.
You were very hungry.

You visited 1 branch of the dungeon, and saw 2 of its levels.

You collected 98 gold pieces.

Inventory:

Hand Weapons
 a - a +0 war axe (weapon)
Armour
 b - a +0 scale mail (worn)
 c - a +0 shield (worn)
 i - a +0 helmet (worn)
Scrolls
 e - 3 scrolls of remove curse
 h - a scroll of amnesia {unknown}
Potions
 d - a potion of might
 g - a potion of flight {unknown}
 j - a potion of magic {unknown}
Comestibles
 f - 6 rations


   Skills:
 + Level 3.2 Fighting
 * Level 3.1 Axes
 + Level 3.1 Armour
 + Level 1.4 Dodging
 + Level 3.2 Shields


You had 3 spell levels left.
You didn't know any spells.
Your spell library was empty.

Dungeon Overview and Level Annotations

Branches:
Dungeon (2/15)


Innate Abilities, Weirdness & Mutations

You have an increased reservoir of magic. (+10% MP)


Message History

The gnoll is severely wounded.
The gnoll hits you but does no damage.
The gnoll hits you from afar with a +0 spear.
The gnoll hits you with a +0 club. The gnoll hits you but does no damage.
The gnoll hits you but does no damage.
Unknown command.
Unknown command.
You feel very mighty all of a sudden. The gnoll hits you with a +0 club!
* * * LOW HITPOINT WARNING * * *
The gnoll closely misses you.
You completely miss the gnoll.
The gnoll is severely wounded.
You block the gnoll's attack. The gnoll closely misses you. x2
You block the gnoll's attack.
Your shield prevents you from hitting the gnoll.
The gnoll is severely wounded.
You block the gnoll's attack. The gnoll hits you but does no damage.
The gnoll hits you from afar with a +0 halberd!
You die...

.####..##...#
.....#.#..#.########
..##................
...#.....#...#######
.#...###.###..#
.#..## #.# ##.#
.....# #.# #.###
####.###.# #...####
# #.....# ###.@gg#
#####.##
####gg.....# #..###
#####.... ##...# ##
#...# ###.# #
###.#### .##......#
#.........########


You could see 4 gnolls.

Vanquished Creatures
  Terence (D:2)
  An adder (D:2)
  4 gnolls (D:2)
  2 dart slugs (D:1)
  2 leopard geckos
  3 giant cockroaches
  4 goblins
  11 hobgoblins
  A quokka (D:2)
  A ball python (D:2)
  11 bats
  2 frilled lizards
  7 kobolds
  6 rats
56 creatures vanquished.

Notes
Turn   | Place    | Note
-------+----------+-------------------------------------------
     0 | D:1      | CedricTheThird the Demigod Fighter began the quest for the
                  | Orb.
     0 | D:1      | Reached XP level 1. HP: 18/18 MP: 3/3
    79 | D:1      | Reached XP level 2. HP: 19/25 MP: 4/4
   661 | D:2      | Reached XP level 3. HP: 30/30 MP: 5/5
   673 | D:2      | Reached skill level 1 in Dodging
   830 | D:2      | Noticed Terence
   850 | D:2      | Killed Terence
   867 | D:2      | Reached XP level 4. HP: 12/38 MP: 6/6
  1227 | D:2      | Slain by a gnoll

Levels and vault maps discovered:
D:1:      wander_arrival_lonely_grave, layout_loops_ring,
          hangedman_decor_growths
D:2:      layout_rooms, glass_columns_a, minmay_ruptured, uniq_terence

Skill      XL: |  1  2  3  4 |
---------------+-------------+-----
Axes           | 2 3 |  3.1
Dodging        | 1 |  1.4
Shields        | 3 |  3.2
Fighting       | 3 |  3.2
Armour         | 3 |  3.1

Action                   |  1- 3 |  4- 6 || total
-------------------------+-------+-------++-------
Melee: War axe           |   123 |    50 ||   173
  Use: Scroll            |     3 |       ||     3
       Potion            |       |     1 ||     1
Armor: Scale mail        |    59 |    28 ||    87
Dodge: Dodged            |    49 |    22 ||    71
Block: Shield            |    92 |    53 ||   145

Table legend:
 A = Non-vault XP
 B = Vault XP
 C = Vault XP percentage of total XP
 D = Non-vault monster count
 E = Vault monster count
 F = Vault count percentage of total count
                 A         B        C        D         E       F
            +---------+---------+-------+---------+---------+-------
      Total |     152 |      36 |  19.1 |      52 |       4 |   7.1
            +---------+---------+-------+---------+---------+-------
        D:1 |      43 |       0 |   0.0 |      25 |       0 |   0.0
        D:2 |     109 |      36 |  24.8 |      27 |       4 |  12.9
            +---------+---------+-------+---------+---------+-------
